 Dungeon Crawl Stone Soup version 0.31-a0-960-g0fca184906 (webtiles) character file.

Game seed: 16724960220537397646

1527948 Forgeling the Metallomancer (level 27, 224/224 HPs)
             Began as a Vampire Necromancer on Oct 22, 2023.
             Was the Champion of Kikubaaqudgha.
             Escaped with the Orb
             ... and 3 runes on Oct 23, 2023!
             The game lasted 05:43:44 (88368 turns).

Forgeling the Metallomancer (Vampire Necromancer)  Turns: 88368, Time: 05:43:44

Health: 224/224    AC: 17    Str: 10 (11) XL:     27
Magic:  45/45      EV: 13    Int: 30 (32) God:    Kikubaaqudgha [******]
Gold:   3045       SH: 14    Dex:  9      Spells: 3/62 levels left

rFire   + + +        a - +9 demon trident (vamp)
rCold   + + .        j - +5 kite shield {reflect}
rNeg    + . .        c - +2 leather armour of Music {rF+ rC+ rN+}
rPois   +            k - +2 helmet {Int+3}
rElec   +            x - +2 cloak
rCorr   +            Z - +2 pair of gloves of Rotini {Regen+}
SInv    +            X - +2 pair of boots of the Insatiable Artists {rC+ Int+3}
Will    +++..        O - amulet of magic regeneration
Stlth   +            A - ring of Xom's Whimsicality {rPois rF++ Str+4 Dex-3 SInv}
HPRegen 1.57/turn    t - ring of Opepnet {rElec Will+ rCorr Dex-4}
MPRegen 0.69/turn

%: reflection
@: healing quickly, studying Throwing
A: alive, fangs 3, see invisible, vampiric 2, clumsy 1, deformed body, dopey 1
0: Orb of Zot
}: 3/15 runes: serpentine, barnacled, silver
a: Exsanguinate, Renounce Religion, Unearth Wretches, Torment


You escaped.
You worshipped Kikubaaqudgha.
Kikubaaqudgha was exalted by your worship.
You visited 11 branches of the dungeon, and saw 51 of its levels.
You visited 1 ziggurat, and saw 1 of its levels.
You also visited: Sewer, Gauntlet and Desolation.

You collected 8419 gold pieces.
You spent 5374 gold pieces at shops.

Inventory:

Hand Weapons
 a - a +9 vampiric demon trident (weapon)
Missiles
 w - 6 javelins
Armour
 c - the +2 leather armour of Music (worn) {rF+ rC+ rN+}
   (You took it off a deep elf elementalist on level 3 of the Elven Halls)

   rF+:       It protects you from fire.
   rC+:       It protects you from cold.
   rN+:       It protects you from negative energy.
 j - a +5 kite shield of reflection (worn)
 k - a +2 helmet of intelligence (worn)
 n - a +0 cloak of stealth
 x - a +2 cloak (worn)
 X - the +2 pair of boots of the Insatiable Artists (worn) {rC+ Int+3}
   (You bought it in a shop on level 5 of the Vaults)

   Int+3:     It affects your intelligence (+3).
   rC+:       It protects you from cold.
 Z - the +2 pair of gloves of Rotini (worn) {Regen+}
   (You bought it in a shop on level 4 of the Depths)

   Regen+:    It increases your rate of health regeneration.
Magical Staves
 b - a staff of earth
 T - a staff of death
Jewellery
 l - the ring "Leonieqi" {rElec Will+ rCorr Int+3 Slay-5}
   (You took it off a minotaur in a Gauntlet)

   [ring of willpower]

   Int+3:     It affects your intelligence (+3).
   Slay-5:    It affects your accuracy & damage with ranged weapons and melee
   (-5).
   rElec:     It insulates you from electricity.
   Will+:     It increases your willpower.
   rCorr:     It protects you from acid and corrosion.
 t - the ring of Opepnet (right hand) {rElec Will+ rCorr Dex-4}
   (You found it on level 1 of the Elven Halls)

   [ring of resist corrosion]

   Dex-4:     It affects your dexterity (-4).
   rElec:     It insulates you from electricity.
   Will+:     It increases your willpower.
   rCorr:     It protects you from acid and corrosion.
 A - the ring of Xom's Whimsicality (left hand) {rPois rF++ Str+4 Dex-3 SInv}
   (You bought it in a shop on level 2 of the Snake Pit)

   [ring of see invisible]

   Str+4:     It affects your strength (+4).
   Dex-3:     It affects your dexterity (-3).
   rF++:      It greatly protects you from fire.
   rPois:     It protects you from poison SInv: It lets you see invisible.
 O - an amulet of magic regeneration (around neck)
Wands
 e - a wand of charming (35)
 h - a wand of quicksilver (30)
 i - a wand of iceblast (42)
 y - a wand of mindburst (6)
Scrolls
 f - 2 scrolls of torment
 o - 8 scrolls of amnesia
 z - 8 scrolls of brand weapon
 D - 4 scrolls of blinking
 E - 2 scrolls of fear
 F - 11 scrolls of fog
 K - 10 scrolls of immolation
 P - 10 scrolls of poison
 S - a scroll of butterflies
 V - 2 scrolls of vulnerability
 Y - 5 scrolls of teleportation {@r3}
Potions
 p - 8 potions of enlightenment
 B - 2 potions of brilliance
 C - 2 potions of cancellation
 G - 2 potions of ambrosia
 H - 2 potions of haste
 I - 2 potions of invisibility
 J - 18 potions of curing {@q1}
 M - 9 potions of might
 N - a potion of heal wounds {@q2}
 Q - 10 potions of magic
 R - 3 potions of resistance
 U - a potion of mutation
Miscellaneous
 d - a sack of spiders
 g - a condenser vane
 m - a phantom mirror
 r - a phial of floods
 v - a lightning rod (4/4)


   Skills:
 - Level 20.0 Fighting
 - Level 14.0 Polearms
 - Level 6.0 Throwing
 - Level 7.0 Armour
 - Level 12.0 Dodging
 - Level 3.0 Stealth
 - Level 8.0 Shields
 - Level 18.0 Spellcasting
 - Level 16.0 Conjurations
 - Level 5.0 Hexes
 - Level 21.0 Necromancy
 + Level 22.3 Earth Magic
 - Level 13.7 Evocations


You had 3 spell levels left.
You knew the following spells:

 Your Spells              Type           Power      Damage    Failure   Level
a - Infestation           Necr           50%        N/A       8%          8
b - Haunt                 Necr/Summ      37%        N/A       58%         7
c - Borgnjor's Vile Clut  Necr/Erth      51%        N/A       1%          5
e - Agony                 Necr           100%       N/A       1%          5
f - Anguish               Hex/Necr       40%        N/A       1%          4
g - Orb of Destruction    Conj           44%        9d12      8%          7
l - Sublimation of Blood  Necr           100%       N/A       0%          2
q - Death Channel         Necr           50%        N/A       1%          6
r - Dispel Undead         Necr           100%       3d31      0%          4
v - Lee's Rapid Deconstr  Erth           51%        3d24*     1%          5
x - Bombard               Conj/Erth      48%        9d8       1%          6

Your spell library contained the following spells:

 Spells                   Type           Power      Damage    Failure   Level
 Kiss of Death            Conj/Necr      100%       2d13      0%          1
 Necrotise                Necr           100%       1d9       0%          1
 Stone Arrow              Conj/Erth      100%       3d13      0%          3
 Vampiric Draining        Necr           100%       2d13      0%          3
 Foxfire                  Conj/Fire      100%       2x1d9     1%          1
 Shock                    Conj/Air       100%       1d9       1%          1
 Slow                     Hex            100%       N/A       1%          1
 Cigotuvi's Dreadful Rot  Necr/Pois/Air  100%       N/A       1%          2
 Jinxbite                 Hex            100%       N/A       1%          2
 Passwall                 Tmut/Erth      63%        N/A       1%          2
 Static Discharge         Conj/Air       100%       3-8/arc   1%          2
 Hailstorm                Conj/Ice       66%        3d14      1%          3
 Confusing Touch          Hex            54%        N/A       2%          3
 Mephitic Cloud           Conj/Pois/Air  56%        N/A       2%          3
 Sigil of Binding         Hex            54%        N/A       2%          3
 Tukima's Dance           Hex            54%        N/A       2%          3
 Ensorcelled Hibernation  Hex/Ice        84%        N/A       3%          2
 Freeze                   Ice            100%       1d10      7%          1
 Sting                    Tmut/Pois      100%       1d8       7%          1
 Summon Small Mammal      Summ           100%       N/A       7%          1
 Inner Flame              Hex/Fire       42%        N/A       7%          3
 Summon Guardian Golem    Hex/Summ       42%        N/A       7%          3
 Blink                    Tloc           54%        N/A       10%         2
 Poisonous Vapours        Pois/Air       54%        N/A       10%         2
 Scorch                   Fire           54%        2d7       10%         2
 Wereblood                Tmut           27%        N/A       10%         2
 Call Canine Familiar     Summ           27%        N/A       21%         3
 Frozen Ramparts          Ice            54%        1d9       21%         3
 Gell's Gravitas          Tloc           27%        N/A       21%         3
 Ozocubu's Armour         Ice            27%        N/A       21%         3
 Swiftness                Air            27%        N/A       21%         3
 Teleport Other           Tloc           27%        N/A       21%         3
 Animate Dead             Necr           100%       N/A       0%          4
 Animate Armour           Summ/Erth      100%       N/A       1%          4
 Brom's Barrelling Bould  Conj/Erth      97%        2d11      1%          4
 Leda's Liquefaction      Hex/Erth       41%        N/A       1%          4
 Petrify                  Tmut/Erth      76%        N/A       1%          4
 Iskenderun's Battlesphe  Conj           89%        2d14      1%          5
 Flame Wave               Conj/Fire      66%        2d15      2%          4
 Iskenderun's Mystic Bla  Conj/Tloc      66%        2d14      2%          4
 Sticky Flame             Conj/Fire      66%        2d8       2%          4
 Arcjolt                  Conj/Air       33%        1d43      7%          5
 Fireball                 Conj/Fire      33%        3d14      7%          5
 Irradiate                Conj/Tmut      33%        3d22      7%          5
 Cause Fear               Hex            27%        N/A       9%          4
 Simulacrum               Ice/Necr       37%        N/A       14%         6
 Lehudib's Crystal Spear  Conj/Erth      48%        10d12     17%         8
 Freezing Cloud           Conj/Ice/Air   28%        6-21      22%         5
 Dimensional Bullseye     Hex/Tloc       21%        N/A       24%         4
 Conjure Ball Lightning   Conj/Air       33%        3x3d11    36%         6
 Starburst                Conj/Fire      33%        6d10      36%         6
 Airstrike                Air            13%        2d(2-18)  54%         4
 Manifold Assault         Tloc           27%        N/A       54%         4
 Olgreb's Toxic Radiance  Pois           27%        N/A       54%         4
 Summon Lightning Spire   Summ/Air       27%        N/A       54%         4
 Vhi's Electric Charge    Tloc/Air       54%        N/A       54%         4
 Metabolic Englaciation   Hex/Ice        21%        N/A       54%         5
 Summon Mana Viper        Hex/Summ       42%        N/A       54%         5
 Alistair's Intoxication  Tmut/Pois      18%        N/A       88%         5
 Summon Forest            Summ/Tloc      13%        N/A       88%         5
 Spellforged Servitor     Conj/Summ      33%        N/A       91%         7
 Dispersal                Tloc           13%        N/A       100%        6
 Eringya's Noxious Bog    Tmut/Pois      13%        4d6       100%        6
 Plasma Beam              Fire/Air       13%        2x1d24    100%        6
 Summon Cactus Giant      Summ           13%        N/A       100%        6
 Enfeeble                 Hex            27%        N/A       100%        7
 Malign Gateway           Summ/Tloc      13%        N/A       100%        7
 Ozocubu's Refrigeration  Ice            13%        4d10      100%        7
 Disjunction              Tloc           13%        N/A       100%        8
 Summon Horrible Things   Summ           13%        N/A       100%        8
 Dragon's Call            Summ           13%        N/A       100%        9


Dungeon Overview and Level Annotations

Branches:
Dungeon (15/15)            Temple (0/1) D:7            Lair (5/5) D:8
 Shoals (4/4) Lair:2        Snake (4/4) Lair:2        Slime (0/5) Lair:4
    Orc (2/2) D:10            Elf (3/3) Orc:2        Vaults (5/5) D:14
  Crypt (3/3) Vaults:2       Tomb (1/3) Crypt:3      Depths (4/4) D:15
    Zot (5/5) Depths:4      Sewer (visited)         Desolation (visited)
Gauntlet (visited)

Altars:
Ashenzari
Dithmenos
Fedhas
Gozag
Hepliaklqana
Kikubaaqudgha
Makhleb
Nemelex Xobeh
Ru
Sif Muna
Trog
Uskayaw
Vehumet
Wu Jian
Yredelemnul
Jiyva

Shops:
D:4 !:   D:10 *   D:12 **   Orc:2 :[?   Elf:2 !   Shoals:2 *   Snake:2 ==:
Vaults:5 [   Depths:3 !(   Depths:4 [(

Portals:
Hell: Depths:1 Depths:2 Depths:3 Depths:4
Abyss: Depths:3 Depths:4
Pandemonium: Depths:1 Depths:2 Depths:4


Innate Abilities, Weirdness & Mutations

Your natural rate of healing is accelerated.
You have razor-sharp teeth.
You have supernaturally acute eyesight. (SInv)
You are afflicted with vampirism and can become a bat while bloodless.
You are clumsy. (Dex -2)
Armour fits poorly on your strangely shaped body.
You are dopey. (Int -2)


Message History

The blast sends you backwards.
What level of the Dungeon? (default 1, ? - help)
There is a stone staircase leading up here.
You climb upwards.
There is a stone staircase leading down here.
An Orb Guardian comes into view.
You feel yourself speed up.
There is a stone staircase leading up here.
You climb upwards.
There is a stone staircase leading down here.
What level of the Dungeon? (default 1, ? - help)
You see here a +0 short sword.
HP restored.
There is a stone staircase leading up here.
You climb upwards.
There is a stone staircase leading down here.
There is a stone staircase leading up here.
You climb upwards.
There is a stone staircase leading down here.
The great orb of eyes turns its gaze towards you.
The golden eye turns its gaze towards you.
The glass eye turns its gaze towards you.
Your extra speed is starting to run out.
Okay, then.
You feel yourself slow down.
Magic restored.
The draconian roars!
The meteoran shouts!
The merfolk shouts!
The formicid shouts!
The draconian roars!
The demigod shouts!
The kobold shouts!
The octopode shouts!
The human shouts!
The ogre shouts!
The armataur shouts!
The orc shouts!
The felid hisses angrily.
The troll shouts!
The demonspawn shouts!
The vine stalker shouts!
The tengu shouts!
The minotaur bellows!
The spriggan shouts!
The meteoran shouts!
There is a staircase leading out of the dungeon here.
You have escaped!

############## #.@.#........#
#...#.######.# #
###'#########.###### ########
#e#.#p# #.........## #####......#
###.### #........#.# .........#.#
#V#.#i# #.###.##).## ..###.##.#.#
###.#####.###.##....
...##.##.#.###Q#.#H##.#....##.##.
..###........###.###.......##.###


There were no monsters in sight!

Vanquished Creatures
  3 dread liches (Zot:5)
  4 ancient liches
  2 orbs of fire (Zot:5)
  Mara (Elf:3)
  Mennas (Vaults:5)
  A royal mummy (Tomb:1)
  Bai Suzhen (Vaults:4)
  Xtahua (Vaults:4)
  5 curse toes
  11 Killer Klowns
  A caustic shrike (Depths:2)
  4 golden dragons
  3 bone dragons
  Norris (Vaults:3)
  A profane servitor (Crypt:3)
  A Brimstone Fiend (D:5)
  Jorgrun (Snake:1)
  2 electric golems (Zot:5)
  Rupert (D:15)
  An Ice Fiend (D:5)
  18 tentacled monstrosities
  28 Orb Guardians
  2 walking earthen tomes (Depths:2)
  4 liches
  A titan (Vaults:5)
  5 quicksilver dragons
  2 deep elf master archers (Elf:3)
  3 deep elf blademasters
  5 sphinxes
  8 death cobs
  Frances (Snake:1)
  An Executioner (Zot:5)
  11 storm dragons
  2 revenants
  2 draconian monks
  6 shadow dragons
  The ghost of Kevimi the Acrobat, an adept FeNe of Sif Muna (Vaults:2)
  9 tengu reavers
  4 draconian knights
  Roxanne (Snake:1)
  3 deep elf sorcerers (Elf:3)
  A nagaraja (Snake:4)
  4 frost giants (Depths:2)
  2 fire giants
  2 iron dragons (Depths:4)
  4 vault wardens
  3 draconian shifters
  4 ghost moths
  A balrug (Depths:4)
  A curse skull (Crypt:1)
  5 draconian scorchers
  6 draconian stormcallers
  5 spectral caustic shrikes (Depths:1)
  8 deep elf elementalists (Elf:3)
  2 orc warlords
  A cacodemon (D:11)
  6 draconian annihilators
  A quicksilver ooze (shapeshifter) (Depths:3)
  A formless jellyfish (shapeshifter) (Vaults:5)
  3 formless jellyfish
  15 stone giants
  13 very ugly things
  12 green draconians
  9 black draconians
  7 deep elf demonologists
  8 vampire knights
  8 spark wasps
  3 yellow draconians
  A dire elephant (Vaults:1)
  3 white draconians
  4 deep elf annihilators (Elf:3)
  The ghost of tinfoiltophat the Thaumaturge, a journeyman DjFE of Gozag (D:12)
  7 purple draconians
  7 ettins
  A blizzard demon (Depths:4)
  3 deep elf death magi
  4 red draconians
  An eidolon (Crypt:1)
  A merfolk javelineer (Depths:1)
  3 deep elf high priests (Elf:3)
  14 jiangshi
  An entropy weaver (Vaults:4)
  A mummy priest (Tomb:1)
  2 yaktaur captains (Vaults:1)
  8 fire dragons
  A great orb of eyes (Vaults:1)
  Erolcha (D:9)
  7 ice dragons
  A salamander tyrant (Snake:4)
  An ogre mage (Vaults:5)
  4 vault guards (Vaults:5)
  2 servants of whispers (Desolation)
  3 hydras
  3 rakshasas
  6 centaur warriors
  2 peacekeepers
  A catoblepas (Lair:5)
  4 spriggan air magi
  4 ironbound frosthearts
  2 two-headed ogres
  2 death yaks (Lair:5)
  4 boulder beetles
  18 dancing weapons
  An alligator snapping turtle (shapeshifter) (D:12)
  2 satyrs
  4 death knights
  A merfolk avatar (Shoals:3)
  3 deep troll shamans (Depths:2)
  5 naga warriors
  7 anacondas
  A quicksilver ooze zombie (Crypt:1)
  7 vampire magi
  4 death scarabs (Tomb:1)
  A spectral storm dragon (Crypt:3)
  9 tengu warriors
  2 deep troll earth magi
  4 occultists
  4 orc high priests
  The ghost of Zonian the Thaumaturge, a journeyman DEHW of Ashenzari (Lair:1)
  3 spriggan berserkers
  9 naga sharpshooters
  2 shock serpents
  2 nameless horrors (Zot:2)
  13 deep elf knights
  Nergalle (Lair:2)
  4 skysharks
  16 skeletal warriors
  A shadow wraith (Crypt:2)
  4 salamander mystics
  A sixfirhy (D:11)
  A fire crab (Lair:5)
  An iron troll (D:15)
  A cherub (D:10)
  7 deep trolls
  7 flayed ghosts
  3 glowing orange brains
  2 sea snakes
  2 naga ritualists
  4 arcanists
  An anaconda skeleton (Crypt:2)
  6 deep elf archers
  2 phantasmal warriors (Crypt:2)
  13 harpies
  4 mana vipers
  A necromancer (Depths:1)
  2 orc knights
  14 deep elf pyromancers
  12 deep elf zephyrmancers
  6 ironbound convokers
  6 salamanders
  14 ugly things
  3 cyclopes
  2 orc sorcerers
  A centaur zombie (Crypt:3)
  8 manticores
  4 fauns
  2 merfolk sirens
  3 water nymphs
  12 elephants
  28 moths of wrath
  22 black mambas
  2 guardian serpents
  A moth of wrath (shapeshifter) (Elf:1)
  15 naga magi
  4 smoke demons
  2 gargoyles
  3 vault sentinels
  A cane toad (shapeshifter) (Depths:2)
  2 orange demons (D:11)
  7 cane toads
  2 efreet
  13 yaktaurs
  4 komodo dragons
  A rime drake (shapeshifter) (D:14)
  5 kobold demonologists
  2 unseen horrors
  A rime drake (Gauntlet)
  3 freezing wraiths
  A swamp worm zombie (Crypt:2)
  A tengu conjurer (Depths:4)
  An alligator snapping turtle skeleton (Crypt:1)
  A white draconian skeleton (Crypt:1)
  3 guardian mummies (Tomb:1)
  6 merfolk
  2 polar bears (Lair:5)
  A tarantella (Vaults:4)
  A wind drake (Shoals:2)
  Prince Ribbit (D:7)
  A hornet (shapeshifter) (D:15)
  5 trolls
  2 blink frogs
  4 dream sheep (Shoals:1)
  A snapping turtle (Shoals:1)
  A glass eye (Depths:3)
  6 saltlings (Desolation)
  18 slime creatures
  2 spriggan skeletons (Depths:1)
  8 shadows
  4 spriggans (Lair:1)
  16 flying skulls
  A vampire (D:13)
  A fire dragon skeleton (Crypt:1)
  2 yaks (shapeshifter)
  7 wraiths
  A ynoxinul (Depths:1)
  3 fire elementals
  6 water elementals
  2 basilisks
  10 wyverns
  51 yaks
  A black mamba skeleton (Crypt:2)
  A steam dragon (D:6)
  18 vampire mosquitoes
  14 two-headed ogre zombies (D:9)
  3 wargs
  A redback simulacrum (D:15)
  25 nagas
  3 acid dragons
  9 water moccasins
  A tengu zombie (Depths:1)
  A demonspawn skeleton (Crypt:1)
  4 hell hounds (Snake:1)
  2 ice beasts (D:7)
  24 orc warriors
  4 black bears
  4 ogres
  3 boggarts (Vaults:4)
  7 centaurs
  9 wolves
  A hog skeleton (Crypt:2)
  13 kobold brigands
  Blork the orc (D:5)
  An earth elemental (Elf:2)
  9 bullfrogs
  4 scorpions
  A water moccasin zombie (Crypt:2)
  6 wights (D:9)
  A wyvern skeleton (Crypt:1)
  4 howler monkeys
  A yak skeleton (Crypt:1)
  3 electric eels
  A wolf skeleton (Crypt:2)
  4 jellies (D:5)
  3 hounds
  13 orc priests
  An iguana (D:4)
  A gnoll bouda (D:6)
  A sleepcap (D:6)
  A boggart zombie (Crypt:2)
  28 orc wizards
  An ice beast zombie (Crypt:2)
  An ogre zombie (D:9)
  An acid dragon skeleton (Crypt:1)
  7 gnolls
  An adder (D:4)
  A river rat (D:6)
  3 shadow imps
  5 white imps
  An ufetubus (D:6)
  A worm (D:6)
  4 dart slugs
  71 orcs
  5 endoplasms
  14 giant cockroaches
  A goblin (D:3)
  8 hobgoblins
  6 jackals
  2 quokkas
  7 ball pythons
  2 bats (D:2)
  An endoplasm zombie (Crypt:1)
  2 frilled lizards
  19 kobolds
  8 rats
1374 creatures vanquished.

Vanquished Creatures (collateral kills)
  Khufu (Crypt:3)
  An ancient lich (Vaults:5)
  A royal mummy (Tomb:1)
  A Killer Klown (Zot:4)
  Vashnia (Snake:4)
  A curse toe (Zot:4)
  8 golden dragons
  Saint Roka (Vaults:1)
  Jory (Vaults:2)
  An electric golem (Zot:1)
  Zenata (Vaults:4)
  11 tentacled monstrosities
  Asterion (Vaults:2)
  6 liches
  Mlioglotl (Snake:4)
  2 quicksilver dragons
  A titan (Vaults:5)
  A walking divine tome (Depths:4)
  Polyphemus (Shoals:3)
  6 sphinxes
  A sphinx (shapeshifter) (Vaults:5)
  An ancient champion (Crypt:3)
  8 storm dragons
  5 shadow dragons
  Aizul (Snake:4)
  2 tengu reavers (Vaults:5)
  Ilsuiw (Shoals:3)
  7 fire giants
  2 draconian monks
  A deep elf sorcerer (Elf:2)
  A nagaraja (Snake:4)
  An iron dragon (Vaults:5)
  5 frost giants
  A draconian scorcher (Zot:4)
  11 vault wardens
  An imperial myrmidon (Desolation)
  A deep elf elementalist (Elf:3)
  2 draconian shifters (Zot:4)
  A balrug (Depths:3)
  A spectral caustic shrike (Crypt:3)
  A nameless horror (Zot:2)
  11 ironbound preservers
  2 formless jellyfish
  6 stone giants
  A ghoul (Crypt:3)
  7 very ugly things
  5 ironbound thunderhulks
  5 vampire knights
  A war gargoyle (Vaults:5)
  3 black draconians
  2 green draconians
  A deep elf demonologist (Elf:2)
  2 deep elf annihilators
  2 bennus (Tomb:1)
  2 purple draconians
  3 minotaurs
  A yellow draconian (Zot:2)
  2 halazid warlocks (Desolation)
  4 dire elephants
  3 red draconians
  4 white draconians
  3 spark wasps (Depths:1)
  6 ettins
  A blizzard demon (Depths:1)
  A merfolk javelineer (Shoals:3)
  3 crystal guardians
  A deep elf death mage (Crypt:3)
  2 green deaths (Snake:1)
  7 ragged hierophants (Desolation)
  6 jiangshi (Crypt:3)
  9 mummy priests
  2 fire dragons (Depths:2)
  5 yaktaur captains
  3 merfolk impalers (Shoals:3)
  Josephine (Orc:2)
  3 entropy weavers
  A deep elf high priest (Vaults:5)
  4 great orbs of eyes
  A salamander tyrant (Snake:4)
  7 ice dragons
  2 rakshasas (Depths:1)
  29 vault guards
  11 peacekeepers
  An ogre mage (Vaults:3)
  A hydra (Lair:4)
  3 servants of whispers (Desolation)
  4 ironbound frosthearts
  5 anacondas
  A two-headed ogre (shapeshifter) (Vaults:3)
  A spriggan air mage (Depths:2)
  7 satyrs (Shoals:4)
  2 merfolk aquamancers (Shoals:3)
  3 catoblepae
  2 death knights
  2 deep troll shamans
  7 centaur warriors
  9 naga warriors
  A boulder beetle (D:12)
  3 two-headed ogres (Vaults:5)
  A vampire mage (Depths:2)
  12 dancing weapons
  2 tengu warriors
  12 death scarabs (Tomb:1)
  3 death yaks
  4 deep troll earth magi
  An orc high priest (Elf:1)
  A spriggan berserker (Depths:1)
  A quicksilver ooze zombie (Crypt:3)
  8 naga sharpshooters
  2 shock serpents
  7 deep elf knights
  Amaemon (Lair:2)
  A skyshark (shapeshifter) (Vaults:5)
  2 salamander mystics (Snake:4)
  2 sea snakes
  8 skeletal warriors
  3 shadow wraiths
  3 skysharks
  2 glowing orange brains
  A spriggan rider (Depths:1)
  3 flayed ghosts (Crypt:3)
  26 deep trolls
  8 naga ritualists
  A bunyip zombie (Crypt:3)
  4 arcanists
  6 deep elf archers
  2 large abominations (Crypt:3)
  4 lindwurms
  4 necromancers
  3 orc knights
  5 deep elf pyromancers
  20 harpies
  7 mana vipers
  21 ugly things
  10 deep elf zephyrmancers
  22 ironbound convokers
  An orc sorcerer (Elf:1)
  3 cyclopes
  8 manticores
  A cyclops (shapeshifter) (Vaults:5)
  16 moths of wrath
  8 salamanders
  A manticore (shapeshifter) (Depths:2)
  13 fauns
  3 merfolk sirens
  9 black mambas
  8 guardian serpents
  13 elephants
  14 naga magi
  A water nymph (Shoals:2)
  A torpor snail (shapeshifter) (Vaults:5)
  15 vault sentinels
  A kobold demonologist (D:12)
  14 yaktaurs
  2 freezing wraiths
  11 guardian mummies
  A yaktaur skeleton (Vaults:2)
  A tengu conjurer (D:13)
  A green draconian skeleton (Crypt:2)
  9 merfolk
  A wind drake (Shoals:2)
  A polar bear (Lair:5)
  2 hornets (Lair:1)
  A tarantella (Vaults:2)
  9 blink frogs
  5 dream sheep
  60 saltlings (Desolation)
  2 snapping turtles (Shoals:1)
  A jumping spider (Vaults:4)
  51 flying skulls
  A culicivora (Vaults:1)
  37 yaks
  6 slime creatures
  An air elemental (Elf:2)
  2 spriggans (Lair:1)
  6 water elementals
  4 wraiths
  5 fire elementals
  An ushabti (Tomb:1)
  2 wyverns (Lair:4)
  5 redbacks
  A warg (shapeshifter) (Vaults:5)
  3 wargs
  33 nagas
  A glowing shapeshifter zombie (Vaults:2)
  7 water moccasins
  An entropy weaver zombie (Vaults:2)
  6 orc warriors
  2 ogres
  9 wolves
  A centaur (D:13)
  2 small abominations (Crypt:3)
  3 bullfrogs
  An earth elemental (Elf:1)
  4 necrophages (Crypt:3)
  A glowing shapeshifter simulacrum (Vaults:2)
  5 orc priests
  4 orc wizards
  6 mummies (Tomb:1)
  17 orcs
  A goblin (D:1)
  A frilled lizard skeleton (Crypt:2)
  2 kobolds
  A butterfly (Lair:5)
1023 creatures vanquished.

Vanquished Creatures (others)
  A quicksilver dragon (Zot:4)
  A shadow dragon (Zot:2)
  Gastronok (D:10)
  A storm dragon (Zot:2)
  A stone giant (Depths:4)
  Azrael (Snake:1)
  A yellow draconian (Zot:2)
  A green draconian (Zot:2)
  A spark wasp (Depths:2)
  A hydra (Lair:5)
  2 anacondas (Snake:1)
  A centaur warrior (D:12)
  A naga warrior (Snake:2)
  3 two-headed ogres
  A death yak (Lair:5)
  Urug (D:10)
  Sonja (Lair:1)
  A skyshark (Lair:3)
  A sea snake (Shoals:3)
  2 deep elf zephyrmancers
  A harpy (Shoals:3)
  2 orc knights
  A mana viper (Snake:4)
  2 salamanders (Snake:4)
  A cyclops (Shoals:3)
  5 moths of wrath
  3 black mambas
  An orange demon (Lair:2)
  A torpor snail (Lair:2)
  The ghost of Morowski the Destroyer, a novice TeCj (D:4)
  A gargoyle (D:11)
  A cane toad (Lair:1)
  3 komodo dragons
  A rime drake (Lair:3)
  A tengu conjurer (Depths:1)
  A merfolk (Lair:2)
  A polar bear (Lair:2)
  2 blink frogs
  A spriggan (Lair:1)
  5 water elementals (Depths:1)
  16 yaks
  A wraith (D:7)
  2 wyverns
  A steam dragon (Lair:4)
  A vampire mosquito (D:10)
  A naga (Lair:2)
  5 water moccasins
  A hell hound (Snake:1)
  5 orc warriors
  3 wolves
  3 ogres
  A phantom (D:5)
  5 centaurs
  2 kobold brigands (D:9)
  3 gnoll sergeants
  6 wights
  A killer bee (D:9)
  10 orc priests
  An orc wizard (Orc:2)
  A killer bee zombie (D:9)
  2 gnolls (D:10)
  A gnoll zombie (D:9)
  10 orcs
  2 kobolds (D:9)
  5 kobold zombies (D:9)
148 creatures vanquished.

Grand Total: 2545 creatures vanquished

Notes
Turn   | Place    | Note
-------+----------+-------------------------------------------
     0 | D:1      | Forgeling the Vampire Necromancer began the quest for the
                  | Orb.
     0 | D:1      | Reached XP level 1. HP: 13/13 MP: 3/3
     2 | D:1      | Noticed an elf
     2 | D:1      | Noticed a meteoran
     4 | D:1      | Noticed a vampire
     4 | D:1      | Noticed a spriggan
     6 | D:1      | Noticed a tengu
     6 | D:1      | Noticed a minotaur
     8 | D:1      | Noticed a demonspawn
     8 | D:1      | Noticed a vine stalker
    10 | D:1      | Noticed a felid
    10 | D:1      | Noticed a troll
    12 | D:1      | Noticed an armataur
    14 | D:1      | Noticed a human
    14 | D:1      | Noticed an ogre
    16 | D:1      | Noticed an octopode
    18 | D:1      | Noticed a demigod
    20 | D:1      | Noticed a formicid
    20 | D:1      | Noticed a draconian
    22 | D:1      | Noticed a ghoul
    22 | D:1      | Noticed a gargoyle
    24 | D:1      | Noticed a spriggan
    24 | D:1      | Noticed a merfolk
    26 | D:1      | Noticed a draconian
    26 | D:1      | Noticed a meteoran
   172 | D:1      | You fall into a shaft and drop 1 floor!
   329 | D:1      | Found a faded altar of an unknown god.
   331 | D:1      | Noticed a glass eye
   338 | D:1      | Noticed a golden eye
   341 | D:1      | Noticed a great orb of eyes
   341 | D:1      | Noticed an eye of devastation
   456 | D:1      | Reached XP level 2. HP: 19/19 MP: 5/5
   562 | D:1      | Reached skill level 5 in Necromancy
  1252 | D:2      | Gained mutation: You are afflicted with vampirism and can
                  | become a bat while bloodless. [Vampire growth]
  1252 | D:2      | Reached XP level 3. HP: 24/24 MP: 6/6
  1848 | D:3      | Identified the +1 ring mail of Serendipity {rElec Int+5}
  2058 | D:4      | Noticed a black bear
  2150 | D:4      | Reached XP level 4. HP: 23/30 MP: 5/7
  2249 | D:4      | Found a runed translucent door.
  2250 | D:4      | Noticed Morowski's ghost (novice TeCj)
  2268 | D:4      | Found a burning altar of Makhleb.
  2268 | D:4      | Noticed a gnoll sergeant
  2270 | D:4      | Found a transporter.
  2270 | D:4      | Noticed a bullfrog
  2324 | D:4      | Found Hylomuil's Vocational Training.
  2352 | D:4      | Learned a level 4 spell: Anguish
  2391 | D:4      | Found a transporter.
  2523 | D:4      | Reached XP level 5. HP: 35/35 MP: 8/8
  2602 | D:4      | Found Moryg's Distillery.
  2627 | D:4      | Bought a potion of heal wounds for 50 gold pieces
  2627 | D:4      | Bought a potion of haste for 100 gold pieces
  2765 | D:4      | Learned a level 3 spell: Vampiric Draining
  2787 | D:5      | Entered Level 5 of the Dungeon
  2868 | D:5      | Noticed Blork the orc
  2982 | D:5      | Noticed a phantom
  3014 | D:5      | Found an ancient bone altar of Kikubaaqudgha.
  3049 | D:5      | Became a worshipper of Kikubaaqudgha
  3115 | D:5      | Reached XP level 6. HP: 37/41 MP: 9/9
  3143 | D:5      | Reached skill level 5 in Hexes
  3261 | D:5      | Found an ornate altar of the Wu Jian Council.
  3685 | D:5      | Reached XP level 7. HP: 17/46 MP: 6/13
  3875 | D:6      | Found a glowing drain.
  3919 | Sewer    | Entered a sewer
  3929 | Sewer    | Reached * piety under Kikubaaqudgha
  3929 | Sewer    | Received a gift from Kikubaaqudgha
  3937 | Sewer    | Learned a level 2 spell: Cigotuvi's Dreadful Rot
  4831 | D:6      | Noticed a steam dragon
  4836 | D:6      | Killed a steam dragon
  4837 | D:6      | Reached XP level 8. HP: 49/52 MP: 4/14
  4932 | D:6      | Learned a level 5 spell: Agony
  4961 | D:7      | Found an opulent altar of Gozag.
  4975 | D:7      | Reached skill level 10 in Necromancy
  5064 | D:7      | Noticed Prince Ribbit
  5315 | D:7      | Killed Prince Ribbit
  5316 | D:7      | Reached skill level 5 in Spellcasting
  5402 | D:7      | Found a staircase to the Ecumenical Temple.
  5686 | D:7      | Reached XP level 9. HP: 29/57 MP: 13/17
  6229 | D:7      | Found a shadowy altar of Dithmenos.
  6481 | D:4      | Killed Morowski's ghost
  6730 | D:5      | Found a sparkling altar of Nemelex Xobeh.
  6852 | D:5      | Reached skill level 1 in Fighting
  6932 | D:5      | Killed Blork the orc
  6944 | D:5      | Learned a level 4 spell: Dispel Undead
  7379 | D:8      | Reached ** piety under Kikubaaqudgha
  7380 | D:8      | Reached XP level 10. HP: 49/69 MP: 14/21
  7399 | D:8      | Learned a level 4 spell: Animate Dead
  7836 | D:8      | Noticed a two-headed ogre
  7913 | D:8      | Found a staircase to the Lair.
  7926 | D:8      | Found a hide-covered altar of Uskayaw.
  7928 | D:8      | Noticed a +0 dagger
  7929 | D:8      | Noticed a +0 dagger
  8113 | D:8      | Found a shimmering blue altar of Sif Muna.
  8122 | D:8      | Found a sacrificial altar of Ru.
  8123 | D:8      | Found a radiant altar of Vehumet.
  8127 | D:8      | Found a blossoming altar of Fedhas.
  8568 | D:9      | Reached skill level 1 in Evocations
  8726 | D:4      | Bought a potion of heal wounds for 50 gold pieces
  8726 | D:4      | Bought a potion of ambrosia for 80 gold pieces
  8726 | D:4      | Bought 2 potions of curing for 60 gold pieces
  9392 | D:9      | Reached *** piety under Kikubaaqudgha
  9392 | D:9      | Received a gift from Kikubaaqudgha
  9502 | D:9      | Found a hazy altar of Hepliaklqana.
  9562 | D:9      | Noticed a two-headed ogre
  9574 | D:9      | Killed a two-headed ogre
 10021 | D:9      | Reached XP level 11. HP: 77/77 MP: 15/23
 10377 | D:9      | Noticed Erolcha
 10595 | D:9      | Killed Erolcha
 10814 | D:9      | Reached skill level 10 in Spellcasting
 10821 | D:9      | Learned a level 6 spell: Death Channel
 11203 | D:10     | Entered Level 10 of the Dungeon
 11240 | D:10     | Noticed a two-headed ogre
 11246 | D:10     | Killed a two-headed ogre
 11425 | D:10     | Noticed Urug
 11437 | D:10     | Noticed Gastronok
 11454 | D:10     | Killed Urug
 11455 | D:10     | Reached skill level 15 in Necromancy
 11460 | D:10     | Killed Gastronok
 11894 | D:10     | Reached **** piety under Kikubaaqudgha
 12380 | D:10     | Found a basalt altar of Yredelemnul.
 12380 | D:10     | Found Zin's Purification Station.
 12446 | D:10     | Found a staircase to the Orcish Mines.
 13034 | D:11     | Reached XP level 12. HP: 46/84 MP: 18/26
 13387 | D:11     | Learned a level 1 spell: Kiss of Death
 13604 | D:8      | Killed a two-headed ogre
 13715 | Lair:1   | Entered Level 1 of the Lair of Beasts
 13727 | Lair:1   | Reached skill level 5 in Fighting
 13898 | Lair:1   | Reached skill level 5 in Dodging
 14896 | Lair:1   | Noticed Zonian's ghost (journeyman DEHW)
 14900 | Lair:1   | Found a transporter.
 14904 | Lair:1   | Found a bloodstained altar of Trog.
 14915 | Lair:1   | Found a transporter.
 14926 | Lair:1   | Noticed Sonja
 14936 | Lair:1   | Killed Sonja
 14942 | Lair:1   | Reached ***** piety under Kikubaaqudgha
 15718 | Lair:2   | Noticed Amaemon
 15739 | Lair:2   | Found a staircase to the Snake Pit.
 15879 | Lair:2   | Noticed Nergalle
 15891 | Lair:2   | Killed Nergalle
 16230 | Lair:2   | Learned a level 5 spell: Borgnjor's Vile Clutch
 16767 | Lair:2   | Killed Amaemon
 16966 | Lair:2   | Found a staircase to the Shoals.
 17076 | Lair:2   | Reached XP level 13. HP: 68/93 MP: 18/27
 17303 | Lair:2   | Reached skill level 1 in Earth Magic
 17806 | Lair:3   | Reached skill level 2 in Earth Magic
 18208 | Lair:3   | Reached skill level 3 in Earth Magic
 18338 | Lair:3   | Reached skill level 4 in Earth Magic
 18610 | Lair:3   | Reached skill level 5 in Earth Magic
 20292 | Lair:4   | Found a staircase to the Slime Pits.
 20293 | Lair:4   | Found a viscous altar of Jiyva.
 20429 | Lair:4   | Reached XP level 14. HP: 57/100 MP: 9/31
 21213 | Lair:4   | Reached skill level 5 in Evocations
 21536 | Lair:5   | Identified the "Ysyomon"
 21536 | Lair:5   | Entered Level 5 of the Lair of Beasts
 21880 | Lair:5   | Reached skill level 1 in Armour
 22024 | Lair:5   | Reached ****** piety under Kikubaaqudgha
 22986 | Lair:1   | Killed Zonian's ghost
 23290 | D:12     | Found a gate leading to a gauntlet.
 23307 | Gauntlet | Entered a Gauntlet
 23307 | Gauntlet | Found a transporter.
 23307 | Gauntlet | Found a transporter.
 23312 | Gauntlet | Found a transporter.
 23327 | Gauntlet | Found a transporter.
 23343 | Gauntlet | Found a transporter.
 23356 | Gauntlet | Found a transporter.
 23372 | Gauntlet | Found a transporter.
 23444 | Gauntlet | Found a transporter.
 23453 | Gauntlet | Found a transporter.
 23471 | Gauntlet | Found a transporter.
 23480 | Gauntlet | Found a transporter.
 23496 | Gauntlet | Found a transporter.
 23563 | Gauntlet | Found a transporter.
 23571 | Gauntlet | Found a transporter.
 23574 | Gauntlet | Found a transporter.
 23575 | Gauntlet | Found a transporter.
 23832 | Gauntlet | Identified the ring "Bichump" {Fire rElec rN+ Will- Dex+6}
 23846 | Gauntlet | Identified a scroll of acquirement
 23846 | Gauntlet | Acquired the +1 pair of gloves of Uddut {rPois Dex+2}
 23912 | Gauntlet | Identified the ring "Leonieqi" {rElec Will+ rCorr Int+3
                  | Slay-5}
 23928 | Gauntlet | Identified the ring of Suetorui {rElec rF- rN+ Dex+6}
 23997 | D:12     | Received a gift from Kikubaaqudgha (forbidden knowledge)
 24007 | D:12     | Learned a level 8 spell: Infestation
 24563 | D:12     | Reached skill level 1 in Shields
 24698 | D:12     | Found a runed translucent gate.
 24698 | D:12     | Found a runed translucent gate.
 24700 | D:12     | Found a runed translucent gate.
 24728 | D:12     | Noticed tinfoiltophat's ghost (journeyman DjFE)
 24867 | D:12     | Found Zaclogh's General Store.
 25647 | D:12     | Found Bewk's Assorted Antiques.
 25919 | D:12     | Reached XP level 15. HP: 93/97 MP: 3/33
 27229 | D:12     | Identified the +2 pair of gloves "Put-Me-On" {rC+}
 27232 | D:12     | Identified the +4 battleaxe "Izxe" {antimagic, rF+++ Will++
                  | Dex-3}
 27755 | Orc:1    | Entered Level 1 of the Orcish Mines
 28520 | Orc:2    | Entered Level 2 of the Orcish Mines
 28788 | Orc:2    | Noticed Josephine
 28799 | Orc:2    | Killed Josephine
 29145 | Orc:2    | Found Eptient's Magic Scroll Shop.
 29761 | Orc:2    | Found Gippirch's Book Shoppe.
 29829 | Orc:2    | Found Amepohia's Antique Armour Emporium.
 29832 | Orc:2    | Found Viss's Antique Weapon Shoppe.
 30135 | Orc:2    | Found a staircase to the Elven Halls.
 30305 | Orc:2    | Bought an embroidered cloak for 285 gold pieces
 30320 | Orc:2    | Bought a pair of embroidered boots for 285 gold pieces
 30522 | D:4      | Bought a manual of Evocations for 1040 gold pieces
 31101 | D:13     | Reached skill level 1 in Throwing
 31982 | D:14     | Identified the +3 ring mail of Servitude {Int+3 SInv}
 32268 | D:14     | Found a gate to the Vaults.
 32626 | D:14     | Reached skill level 15 in Spellcasting
 32926 | D:15     | Entered Level 15 of the Dungeon
 33452 | D:15     | Found a staircase to the Depths.
 33839 | D:15     | Noticed Rupert
 33848 | D:15     | Killed Rupert
 34714 | D:12     | Killed tinfoiltophat's ghost
 34896 | Orc:2    | Bought a scroll of identify for 34 gold pieces
 35258 | Snake:1  | Entered Level 1 of the Snake Pit
 35258 | Snake:1  | Noticed Roxanne
 35265 | Snake:1  | Reached skill level 5 in Throwing
 35354 | Snake:1  | Reached XP level 16. HP: 85/115 MP: 22/35
 35373 | Snake:1  | Noticed Jorgrun
 35515 | Snake:1  | Killed Jorgrun
 35791 | Snake:1  | Found a runed translucent door.
 35909 | Snake:1  | Noticed Frances
 36020 | Snake:1  | Killed Frances
 36021 | Snake:1  | Reached skill level 10 in Evocations
 36480 | Snake:1  | Found a broken altar of Ashenzari.
 36641 | Snake:1  | Noticed Azrael
 36647 | Snake:1  | Killed Azrael
 37716 | Snake:2  | Found Diumme's Book Emporium.
 37717 | Snake:2  | Found Jose's Jewellery Shop.
 37717 | Snake:2  | Found Diclur's Jewellery Shop.
 39171 | Snake:3  | Reached skill level 6 in Earth Magic
 39690 | Snake:4  | Entered Level 4 of the Snake Pit
 39717 | Snake:4  | Reached skill level 1 in Polearms
 39842 | Snake:4  | Reached XP level 17. HP: 80/120 MP: 24/37
 39870 | Snake:4  | Noticed Vashnia
 40197 | Snake:4  | Reached skill level 5 in Polearms
 41206 | Snake:4  | Noticed Mlioglotl
 41209 | Snake:4  | Killed Mlioglotl
 41434 | Snake:4  | Got a serpentine rune of Zot
 41913 | Snake:4  | Noticed Aizul
 41920 | Snake:4  | Killed Aizul
 42164 | Snake:4  | Killed Vashnia
 42363 | Snake:1  | Identified the staff "Conkawep" {Fragile rElec rPois Dex-5
                  | Stlth+ Poison}
 42464 | Shoals:1 | Entered Level 1 of the Shoals
 43493 | Shoals:2 | Found Kiesku Imui's General Store.
 44288 | Shoals:3 | Reached skill level 10 in Polearms
 44329 | Shoals:3 | Noticed Ilsuiw
 44333 | Shoals:3 | Reached XP level 18. HP: 92/134 MP: 29/38
 44333 | Shoals:3 | Noticed Polyphemus
 44347 | Shoals:3 | Killed Polyphemus
 44363 | Shoals:3 | Reached skill level 10 in Fighting
 44393 | Shoals:3 | Killed Ilsuiw
 45224 | Shoals:4 | Entered Level 4 of the Shoals
 45430 | Shoals:4 | Identified the +10 plate armour "Nanig" {MP+9}
 45596 | Shoals:4 | Got a barnacled rune of Zot
 45835 | Shoals:4 | Identified the staff of Somewhere Else {rElec rCorr Air}
 46402 | Desolati | Identified the of Ykkun
 46402 | Desolati | Identified the "Rozul"
 46402 | Desolati | Identified the "Orumaloc"
 46402 | Vaults:1 | Entered Level 1 of the Vaults
 46409 | Vaults:1 | Paralysed by a formless jellyfish for 1 turns
 46620 | Vaults:1 | Noticed Saint Roka
 46627 | Vaults:1 | Killed Saint Roka
 46891 | Vaults:1 | Found a crumbling gateway.
 46980 | Desolati | Entered the Desolation of Salt
 47061 | Desolati | Reached XP level 19. HP: 71/140 MP: 9/39
 47112 | Desolati | Reached skill level 5 in Shields
 47145 | Desolati | Reached skill level 5 in Armour
 47311 | Desolati | Found the sphere of Battle
 47377 | Desolati | Identified the +4 scale mail of the Lair of Beasts {Will+
                  | Dex+2}
 47389 | Desolati | Identified the ring of Roraysse {MP+9 Str+3 Dex+2}
 47418 | Desolati | Identified the +7 spear of the Quick God {antimagic, Int+4}
 47425 | Desolati | Identified the +1 halberd of Optimality {venom, Will- MP+9
                  | Str+2 Dex+3}
 47449 | Desolati | Identified the +1 orcbow of the Warrior {heavy, rCorr
                  | Int+4}
 47541 | Desolati | Identified the +3 war axe of Qazlal's Envy {freeze, rPois
                  | Str+3}
 47604 | Desolati | Identified the ring "Cixaddai" {Ice rElec Str+4 SInv}
 47646 | Desolati | Identified the ring "Gaeneng" {rElec rF- rCorr AC+4 Dex+3}
 48861 | Vaults:2 | Noticed Asterion
 48868 | Vaults:2 | Killed Asterion
 49001 | Vaults:2 | Reached skill level 10 in Dodging
 49010 | Vaults:2 | Found a staircase to the Crypt.
 49226 | Vaults:2 | Noticed Jory
 49234 | Vaults:2 | Killed Jory
 49326 | Vaults:2 | Reached XP level 20. HP: 122/152 MP: 26/40
 49788 | Vaults:2 | Found a large runed translucent door.
 49788 | Vaults:2 | Found a large runed translucent door.
 49788 | Vaults:2 | Found a large runed translucent door.
 49788 | Vaults:2 | Found a large runed translucent door.
 49788 | Vaults:2 | Found a large runed translucent door.
 49788 | Vaults:2 | Found a large runed translucent door.
 49788 | Vaults:2 | Noticed Kevimi's ghost (adept FeNe)
 49789 | Vaults:2 | Found a large runed translucent door.
 49789 | Vaults:2 | Found a large runed translucent door.
 50171 | Vaults:2 | Killed Kevimi's ghost
 50200 | Vaults:2 | Identified the amulet of Kyizxeh {Faith Str+4}
 51358 | Vaults:3 | Noticed Norris
 51385 | Vaults:3 | Killed Norris
 52292 | Vaults:4 | Noticed Zenata
 52305 | Vaults:4 | Killed Zenata
 52697 | Vaults:4 | Noticed Bai Suzhen
 52733 | Vaults:4 | Killed Bai Suzhen
 53108 | Vaults:4 | Noticed Xtahua
 53126 | Vaults:4 | Killed Xtahua
 53927 | Depths:2 | Identified the "Riat"
 53927 | Elf:1    | Entered Level 1 of the Elven Halls
 54129 | Elf:1    | Found an ancient bone altar of Kikubaaqudgha.
 54241 | Elf:1    | Reached XP level 21. HP: 141/162 MP: 19/42
 54264 | Elf:1    | Identified the ring of Opepnet {rElec Will+ rCorr Dex-4}
 55376 | Elf:2    | Found Aserures's Distillery.
 55462 | Elf:2    | Found a runed translucent gate.
 55462 | Elf:2    | Found a runed translucent gate.
 55463 | Elf:2    | Found a runed translucent gate.
 57338 | Elf:2    | Gained mutation: You are vulnerable to heat. (rF-)
                  | [mutagenic glow]
 57368 | Elf:2    | Gained mutation: You sometimes lose your temper in combat.
                  | [mutagenic glow]
 57433 | Elf:2    | Lost mutation: You sometimes lose your temper in combat.
                  | [potion of mutation]
 57433 | Elf:2    | Lost mutation: You are vulnerable to heat. (rF-) [potion of
                  | mutation]
 57433 | Elf:2    | Gained mutation: Your body sometimes deteriorates upon
                  | taking damage. [potion of mutation]
 57433 | Elf:2    | Gained mutation: You are partially covered in large bone
                  | plates. (SH +4) [potion of mutation]
 57433 | Elf:2    | Gained mutation: You sometimes lose your temper in combat.
                  | [potion of mutation]
 57433 | Elf:2    | Gained mutation: Your mind is acute. (Int +4, Str/Dex -1)
                  | [potion of mutation]
 57434 | Elf:2    | Lost mutation: Your mind is acute. (Int +4, Str/Dex -1)
                  | [potion of mutation]
 57434 | Elf:2    | Lost mutation: You sometimes lose your temper in combat.
                  | [potion of mutation]
 57434 | Elf:2    | Gained mutation: You occasionally lose the ability to drink
                  | potions when taking damage. [potion of mutation]
 57434 | Elf:2    | Gained mutation: Your flesh is cold resistant. (rC+)
                  | [potion of mutation]
 57434 | Elf:2    | Gained mutation: You possess an exceptional clarity of
                  | mind. [potion of mutation]
 57435 | Elf:2    | Lost mutation: You occasionally lose the ability to drink
                  | potions when taking damage. [potion of mutation]
 57435 | Elf:2    | Lost mutation: You possess an exceptional clarity of mind.
                  | [potion of mutation]
 57435 | Elf:2    | Gained mutation: You have an increased reservoir of magic.
                  | (+10% MP) [potion of mutation]
 57435 | Elf:2    | Gained mutation: You expend magic power (3 MP) to
                  | strengthen your wands. [potion of mutation]
 57446 | Elf:3    | Identified the "Bautuvigh"
 57446 | Elf:3    | Identified the "Lymponyc"
 57446 | Elf:3    | Entered Level 3 of the Elven Halls
 57516 | Elf:3    | Noticed Mara
 57534 | Elf:3    | Identified the +6 war axe "Afyemmaz" {heavy, *Noise Int+3
                  | Dex+3}
 57534 | Elf:3    | Identified the amulet of Minelooth {Acrobat Harm Will++
                  | Int-4}
 57540 | Elf:3    | Identified the +8 spear of Evil {elec, +Blink Str+4 Int+3}
 57541 | Elf:3    | Identified the +2 leather armour of Music {rF+ rC+ rN+}
 58104 | Elf:3    | Identified the amulet "Fuhaell" {RegenMP -Tele rElec rPois
                  | Dex+4}
 58107 | Elf:3    | Noticed Forgeling's illusion
 58158 | Elf:3    | Killed Mara
 58365 | Elf:3    | Reached skill level 15 in Fighting
 58497 | Elf:3    | Identified the staff "Giant's Toothpick" {Int+2 Conj}
 59038 | Elf:3    | Identified the +2 ring mail "Soweer" {Harm Int+3}
 59040 | Elf:3    | Identified the +7 chain mail of Past Mistakes {rCorr Dex+2}
 59622 | D:8      | Learned a level 2 spell: Sublimation of Blood
 59630 | D:8      | Learned a level 7 spell: Haunt
 59907 | Crypt:1  | Entered Level 1 of the Crypt
 60537 | Crypt:1  | Found a burning altar of Makhleb.
 60759 | Crypt:1  | Reached skill level 7 in Earth Magic
 61574 | Crypt:2  | Reached XP level 22. HP: 142/142 MP: 48/48
 61809 | Crypt:2  | Reached skill level 8 in Earth Magic
 62420 | Crypt:2  | Reached skill level 9 in Earth Magic
 62558 | Crypt:2  | Noticed an ancient lich
 62561 | Crypt:2  | Killed an ancient lich
 62793 | Crypt:3  | Entered Level 3 of the Crypt
 62828 | Crypt:3  | Reached skill level 10 in Earth Magic
 62870 | Crypt:3  | Found a basalt altar of Yredelemnul.
 62896 | Crypt:3  | Reached skill level 11 in Earth Magic
 63023 | Crypt:3  | Reached skill level 12 in Earth Magic
 63037 | Crypt:3  | Identified the ring "Silutibu" {rF- rN+ Will+ SInv}
 63466 | Crypt:3  | Found a staircase to the Tomb.
 63466 | Crypt:3  | Noticed Khufu
 63470 | Crypt:3  | Killed Khufu
 63540 | Crypt:3  | Identified the +11 triple crossbow of Beloved Action
                  | {penet, Str+2 Int-2 Stlth+}
 64379 | Depths:1 | Entered Level 1 of the Depths
 65576 | Depths:1 | Reached XP level 23. HP: 46/190 MP: 32/49
 66058 | Depths:1 | Found a gateway to Hell.
 66346 | Depths:1 | Found a one-way gate leading to the halls of Pandemonium.
 66609 | Depths:2 | Upgraded the game from 0.31-a0-949-g57150269e1 to
                  | 0.31-a0-960-g0fca184906
 67005 | Depths:2 | Found a one-way gateway to a ziggurat.
 67010 | Depths:2 | Found a basalt altar of Yredelemnul.
 67010 | Depths:2 | Found an ancient bone altar of Kikubaaqudgha.
 68034 | Depths:2 | Learned a level 5 spell: Lee's Rapid Deconstruction
 68871 | Depths:2 | Noticed a caustic shrike
 68878 | Depths:2 | Killed a caustic shrike
 69011 | Depths:2 | Reached skill level 13 in Earth Magic
 69366 | Depths:2 | Identified the +2 orcbow "Vampire's Regret" {flame, rN+++
                  | rCorr Int-5 SInv}
 69367 | Depths:2 | Identified the staff "Izamev" {rPois rF+ Str+6 Dex+4 Fire}
 70800 | Depths:3 | Reached skill level 14 in Earth Magic
 70810 | Depths:3 | Found an opulent altar of Gozag.
 70903 | Depths:3 | Found the +2 Maxwell's thermic engine {flame, freeze, rev}
 71600 | Depths:3 | Reached skill level 15 in Earth Magic
 71736 | Depths:3 | Found a one-way gate to the infinite horrors of the Abyss.
 71864 | Depths:3 | Found Kexiomil's Weapon Shoppe.
 71868 | Depths:3 | Found Hudebrim's Distillery.
 71876 | Depths:3 | Bought 2 potions of curing for 144 gold pieces
 71876 | Depths:3 | Bought a potion of curing for 72 gold pieces
 71876 | Depths:3 | Bought a potion of curing for 72 gold pieces
 71876 | Depths:3 | Bought a potion of curing for 72 gold pieces
 71876 | Depths:3 | Bought a potion of curing for 72 gold pieces
 71876 | Depths:3 | Bought a potion of magic for 192 gold pieces
 71876 | Depths:3 | Bought a potion of mutation for 192 gold pieces
 71876 | Depths:3 | Bought a potion of mutation for 192 gold pieces
 72151 | Depths:3 | Reached XP level 24. HP: 204/204 MP: 46/49
 72219 | Depths:4 | Entered Level 4 of the Depths
 72307 | Depths:4 | Found a broken altar of Ashenzari.
 72351 | Depths:4 | Reached skill level 16 in Earth Magic
 72861 | Depths:4 | Found Ycviug's Weapon Boutique.
 72873 | Depths:4 | Found Utze's Antique Armour Shop.
 72980 | Depths:4 | Bought a pair of bloodstained gloves for 494 gold pieces
 72980 | Depths:4 | Identified the +2 pair of gloves of Rotini {Regen+} (You
                  | bought it in a shop on level 4 of the Depths)
 73112 | Depths:4 | Found a gate to the Realm of Zot.
 74156 | Slime:5  | Identified the "Ganiw"
 74156 | Tomb:1   | Entered Level 1 of the Tomb of the Ancients
 74308 | Tomb:1   | Reached skill level 17 in Earth Magic
 74475 | Tomb:1   | Noticed a royal mummy
 74484 | Tomb:1   | Killed a royal mummy
 74485 | Tomb:1   | Reached skill level 18 in Earth Magic
 74486 | Tomb:1   | Reached skill level 1 in Conjurations
 74552 | Tomb:1   | Noticed a royal mummy
 74555 | Tomb:1   | Killed a royal mummy
 75192 | Vaults:5 | Entered Level 5 of the Vaults
 75193 | Vaults:5 | Noticed an ancient lich
 75302 | Vaults:5 | Killed an ancient lich
 75307 | Vaults:5 | Reached skill level 5 in Conjurations
 75376 | Vaults:5 | Identified the +11 halberd of the Abyss {flame, Stlth+}
 75376 | Vaults:5 | Identified the ring "Giezxum" {Str+5 Int+2 SInv}
 75413 | Vaults:5 | Reached XP level 25. HP: 137/210 MP: 15/49
 75426 | Vaults:5 | Identified the +7 war axe of the Blushing Jester {venom,
                  | rPois MP+9}
 75492 | Vaults:5 | Noticed an ancient lich
 75954 | Vaults:5 | Killed an ancient lich
 75988 | Vaults:5 | Reached skill level 10 in Conjurations
 75990 | Vaults:5 | Identified the ring "Ofogeehu" {Will+ rCorr Dex+6}
 75990 | Vaults:5 | Noticed Mennas
 76011 | Vaults:5 | Killed Mennas
 76295 | Vaults:5 | Identified the +1 falchion of the Pill Bug {flame, rF+}
 76387 | Vaults:5 | Identified the +2 pair of boots "Cyrogati" {Rampage *Slow
                  | rF++ Dex+4}
 76408 | Vaults:5 | Identified the +5 quarterstaff "Xustiefi" {flame, rF-
                  | Will++ rCorr SInv}
 76411 | Vaults:5 | Got a silver rune of Zot
 76481 | Vaults:5 | Found Jeinapig's Antique Armour Boutique.
 76491 | Vaults:5 | Bought a pair of transparent boots for 380 gold pieces
 76491 | Vaults:5 | Identified the +2 pair of boots of the Insatiable Artists
                  | {rC+ Int+3} (You bought it in a shop on level 5 of the
                  | Vaults)
 77170 | Snake:1  | Killed Roxanne
 77224 | Snake:2  | Bought the ring of Xom's Whimsicality {rPois rF++ Str+4
                  | Dex-3 SInv} for 916 gold pieces
 77264 | Snake:2  | Learned a level 7 spell: Orb of Destruction
 77676 | Zot:1    | Entered Level 1 of the Realm of Zot
 78558 | Shoals:2 | Bought a potion of magic for 104 gold pieces
 78558 | Shoals:2 | Bought a scroll of butterflies for 52 gold pieces
 78558 | Shoals:2 | Bought a potion of brilliance for 52 gold pieces
 79597 | Depths:4 | Learned a level 6 spell: Bombard
 79891 | Zot:1    | Identified the +7 pearl dragon scales of Stoicism {rElec
                  | rN+ Str+5}
 80116 | Zot:1    | You fall into a shaft and drop 1 floor!
 81882 | Zot:3    | Noticed a Killer Klown
 81896 | Zot:3    | Killed a Killer Klown
 82057 | Zot:3    | Reached XP level 26. HP: 218/218 MP: 7/49
 82680 | Zot:3    | Identified the +2 scale mail "Pubic" {rPois Int+2 Slay+5}
 82741 | Zot:3    | Reached skill level 19 in Earth Magic
 83878 | Zot:4    | Identified the +6 ring mail "Niawakau" {Will+}
 83919 | Zot:4    | Identified the +9 flail "Murmur" {flame, rC+ Int+2}
 84273 | Tomb:3   | Identified the of Yczeej
 84273 | Tar:7    | Identified the "Mabbadgh"
 84273 | Dis:7    | Identified the "Qijis"
 84273 | Dis:7    | Identified the "Maemoil"
 84273 | Geh:7    | Identified the "Wutho"
 84273 | Zig:1    | Entered Level 1 of a ziggurat
 84419 | Zot:5    | Entered Level 5 of the Realm of Zot
 84694 | Zot:5    | Reached skill level 20 in Earth Magic
 85101 | Zot:5    | Reached skill level 15 in Conjurations
 85523 | Zot:5    | Noticed a dread lich
 85531 | Zot:5    | Killed a dread lich
 85714 | Zot:5    | Noticed a dread lich
 85719 | Zot:5    | Killed a dread lich
 86379 | Zot:5    | Noticed an orb of fire
 86385 | Zot:5    | Gained mutation: You occasionally lose the ability to drink
                  | potions when taking damage. [an orb of fire]
 86388 | Zot:5    | Killed an orb of fire
 86725 | Zot:5    | Noticed an ancient lich
 86730 | Zot:5    | Killed an ancient lich
 86824 | Zot:5    | Reached XP level 27. HP: 145/224 MP: 28/49
 86935 | Zot:5    | Reached skill level 21 in Earth Magic
 86969 | Zot:5    | Noticed a dread lich
 86997 | Zot:5    | Killed a dread lich
 87140 | Depths:3 | Bought 2 potions of cancellation for 384 gold pieces
 87276 | Zot:5    | Noticed an orb of fire
 87278 | Zot:5    | Lost mutation: You have an increased reservoir of magic.
                  | (+10% MP) [an orb of fire]
 87279 | Zot:5    | Gained mutation: Your body often deteriorates upon taking
                  | damage. [an orb of fire]
 87282 | Zot:5    | Killed an orb of fire
 87308 | Zot:5    | Noticed an ancient lich
 87316 | Zot:5    | Killed an ancient lich
 87758 | Zot:5    | Lost mutation: Your body often deteriorates upon taking
                  | damage. [potion of mutation]
 87758 | Zot:5    | Lost mutation: Your flesh is cold resistant. (rC+) [potion
                  | of mutation]
 87758 | Zot:5    | Gained mutation: You possess an exceptional clarity of
                  | mind. [potion of mutation]
 87759 | Zot:5    | Lost mutation: You are partially covered in large bone
                  | plates. (SH +4) [potion of mutation]
 87759 | Zot:5    | Lost mutation: You expend magic power (3 MP) to strengthen
                  | your wands. [potion of mutation]
 87759 | Zot:5    | Lost mutation: You possess an exceptional clarity of mind.
                  | [potion of mutation]
 87759 | Zot:5    | Gained mutation: You are robust. (+10% HP) [potion of
                  | mutation]
 87760 | Zot:5    | Lost mutation: Your body sometimes deteriorates upon taking
                  | damage. [potion of mutation]
 87760 | Zot:5    | Lost mutation: You are robust. (+10% HP) [potion of
                  | mutation]
 87760 | Zot:5    | Gained mutation: You occasionally lose the ability to read
                  | scrolls when taking damage. [potion of mutation]
 87761 | Zot:5    | Lost mutation: You occasionally lose the ability to drink
                  | potions when taking damage. [potion of mutation]
 87761 | Zot:5    | Lost mutation: You occasionally lose the ability to read
                  | scrolls when taking damage. [potion of mutation]
 87761 | Zot:5    | Gained mutation: Armour fits poorly on your strangely
                  | shaped body. [potion of mutation]
 87761 | Zot:5    | Gained mutation: You are clumsy. (Dex -2) [potion of
                  | mutation]
 87762 | Zot:5    | Got the Orb of Zot
 87792 | Zot:5    | Reached skill level 22 in Earth Magic
 87859 | Depths:4 | Gained mutation: You are dopey. (Int -2) [a neqoxec]
 88368 | D:$      | Escaped with the Orb!

Illustrated notes

Levels and vault maps discovered:
D:1:      kb_arrival_jail, layout_loops_corners,
          hellmonk_ecumenical_altar_watching_god, minmay_door_square,
          hangedman_decor_lopped, chequers_serial_rivers_micro_c, moated_statue
D:2:      layout_basic
D:3:      minmay_roachtagon, layout_basic
D:4:      layout_loops_cross, gammafunk_temple_overflow_arena, serial_shops,
          nicolae_shop_tiny_glass, gammafunk_ghost_grave,
          corexii_hall_statues_l, nicolae_shop_vocational
D:5:      layout_gridville, mainiacjoe_overflow_24_doors,
          nicolae_wu_jian_immortal_techniques, nemelex_dance_club_becter,
          serial_glass, glass_columns_a, glass_columns_b, uniq_blork_the_orc
D:6:      minmay_general_purpose_star, layout_loops_corners,
          cheibrodos_sewer_entry_sluice
D:7:      layout_basic, kennysheep_mini_moat, mainiacjoe_overflow_tiny_flanked,
          minmay_temple_entry_waves, uniq_prince_ribbit1
D:8:      layout_basic, minitemple, dancing_weapons_uskayaw,
          due_lair_maze_entry_diamond
D:9:      lemuel_ogre_cave, layout_gridville, nzn_hepliaklqana_mist_gate
D:10:     layout_roguey, yredelemnul_altar_generic, zin_purify,
          hiddenorc1_lemuel, reono_crystal_passage, uniq_gastronok, uniq_urug
D:11:     layout_roguey, nicolae_figureground_pulse
D:12:     layout_stronghold, gammafunk_ghost_nasty_kobolds,
          gauntlet_entry_generic, serial_shops, nicolae_lakefront_shop, shop,
          minivault_12
D:13:     layout_small_grid, minmay_fractal_squares_gapless_5
D:14:     layout_loops_ring, erik_vaults_1, minmay_misc_feat_secret_circle
D:15:     grunt_enter_depths_giant_problem, layout_layer_cave, uniq_rupert
Lair:1:   layout_hall_layers, gammafunk_ghost_wrathful_warriors,
          chequers_serial_rivers_small_a, infiniplex_staircase_pool_2,
          grunt_megastairs_5, uniq_sonja
Lair:2:   layout_cave_pods, elwin_shoals_entry_stream,
          minmay_snake_entry_guardpost_small, uniq_nergalle, uniq_amaemon
Lair:3:   layout_long_grid
Lair:4:   layout_cave_pods, slime_entry_1, beast_lair_carwin_7,
          infiniplex_staircase_pool, grunt_megastairs_4, serial_bayou_shore_a
Lair:5:   grunt_lair_end_beastmaster, layout_hall_layers, lemuel_fruit_fields
Shoals:1: layout_shoals
Shoals:2: layout_shoals, nicolae_take_the_stairs
Shoals:3: layout_shoals, uniq_ilsuiw, uniq_polyphemus
Shoals:4: shoals_end_hellmonk_lost_city
Snake:1:  cheibrodos_toxic_ritual, layout_misc_corridors, basic_altar,
          grunt_megastairs_1, uniq_azrael, uniq_jorgrun, uniq_frances,
          uniq_roxanne
Snake:2:  layout_layer_cave, minmay_shop_grove, lemuel_fruit_tree
Snake:3:  layout_basic
Snake:4:  snake_pit, layout_grid_shapes, uniq_mlioglotl, uniq_vashnia,
          uniq_aizul
Orc:1:    layout_caves
Orc:2:    grunt_orc_community_town_hall, layout_caves,
          grunt_orc_community_big_house_1, grunt_orc_community_big_house_1,
          grunt_orc_community_house_2, grunt_orc_community_house_3,
          grunt_orc_community_house_1, grunt_orc_community_house_2,
          grunt_orc_community_house_1, uniq_josephine
Elf:1:    nicolae_elf_arrival_no_cutting_in_line, layout_onion_city,
          basic_altar, hangedman_elven_crosses_minicolossus
Elf:2:    nicolae_elf_blades_splatter_lattice [nicolae_blade_lattice],
          layout_loops_cross, serial_shops, nicolae_diamond_shop, st_stairs_2,
          kilobyte_mutagenic_chamber
Elf:3:    grunt_elf_hall_branching, layout_rooms, minivault_26, uniq_mara
Vaults:1: portal_desolation_entry_twin_temple, ontoclasm_vaults_bender,
          nicolae_vaults_wrenched, grunt_vaults_hallway_short, v_misc_27,
          hangedman_vaults_variations, nicolae_vaults_alarming,
          ontoclasm_vaults_ligature, vaults_room_door_hall,
          hangedman_vaults_slice, layout_vaults_omnicross, uniq_saint_roka
Vaults:2: advil_vaults_ghost_lines, grunt_vaults_hallway_short,
          nicolae_vaults_network_s, minmay_crypt_entry_simple_box,
          hangedman_vaults_capsules, nicolae_vaults_weapon_check,
          vaults_room_fours, nicolae_vaults_network_quinsquares
          [nicolae_vaults_network_quincunx_subvault,
          nicolae_vaults_network_quincunx_subvault,
          nicolae_vaults_network_quincunx_subvault,
          nicolae_vaults_network_quincunx_subvault], nicolae_vaults_rhombus_5,
          nicolae_vaults_little_guard_posts, layout_vaults_quadrants,
          uniq_asterion, uniq_jory
Vaults:3: nicolae_vaults_variable_pillar_hall, v_misc_16, vaults_room_door_hall,
          nicolae_vaults_door_testing_chamber, vaults_room_stairs_pillars,
          nicolae_vaults_ring_of_whatevers, hangedman_vaults_river_flow,
          v_misc_1, vaults_mumra_lcd, ontoclasm_vaults_spin,
          nicolae_vaults_trapezoid_1, ontoclasm_vaults_decontamination,
          nicolae_vaults_six-pack, nicolae_vaults_little_squares_6,
          ontoclasm_vaults_ring_small, grunt_vaults_hallway_long,
          layout_vaults_omnibox, uniq_norris
Vaults:4: nicolae_vaults_tangram_1, nicolae_vaults_lightning_bolt,
          grunt_vaults_diagonal, v_misc_11, nicolae_vaults_shelves_hall,
          v_alt_pattern_3, nicolae_vaults_tangram_2, ontoclasm_vaults_chip,
          v_misc_25, v_misc_11, layout_vaults_ring, uniq_xtahua, uniq_zenata,
          uniq_bai_suzhen
Vaults:5: uniq_mennas
Crypt:1:  layout_chaotic_city, nzn_life_drinkers
Crypt:2:  layout_gridlike
Crypt:3:  grunt_crypt_end_deaths_head
Tomb:1
Depths:1: layout_cave_pools, pf_hell_entry_tar_river, rand_demon_pan_entry_8,
          hangedman_abyss_or_decor_stabs, lemuel_freeze_loot_1
Depths:2: hangedman_slaughterboxes, pan_entry, hell_entry
Depths:3: kennysheep_room_grid, layout_honeycomb, lightli_too_deep, abyss_entry,
          minmay_misc_feat_pillars, grunt_gozag_statues, minmay_shop_star
Depths:4: grunt_zot_entry_tricorne, layout_twisted_cross, abyss_entry,
          hell_entry, rand_demon_pan_entry_3, glass_columns_c,
          ashenzari_altar_1, minmay_shoptagon
Zot:1:    layout_misc_corridors
Zot:2:    layout_basic, bh_zot_lava_cross, grunt_ministairs_6,
          grunt_megastairs_3
Zot:3:    layout_onion_interference, regret_index_zotdec_stipple_waver,
          st_single_dragon_hoard_3
Zot:4:    kennysheep_blocky_room, layout_basic, regret_index_zotdec_obsidian_hm,
          st_stairs_12, zot_minivault_5
Zot:5:    layout_gridlike

Skill      XL: |  1  2  3  4  5  6  7  8  9 10 11 12 13 14 15 16 17 18 19 20 21 22 23 24 25 26 27 |
---------------+----------------------------------------------------------------------------------+-----
Necromancy     | 5 6 7 9 11 12 14 16 18 19 20 21 | 21.0
Hexes          | 4 5 |  5.0
Spellcasting   | 4 5 7 8 10 13 14 15 16 17 18 | 18.0
Fighting       | 2 4 6 7 9 10 11 13 16 18 20 | 20.0
Evocations     | 4 7 9 12 13 | 13.7
Dodging        | 3 5 7 10 12 | 12.0
Earth Magic    | 5 6 7 12 15 18 20 22 | 22.3
Armour         | 3 4 6 7 |  7.0
Shields        | 2 4 7 8 |  8.0
Throwing       | 5 6 |  6.0
Polearms       | 3 10 14 | 14.0
Conjurations   | 8 13 16 | 16.0
Stealth        | |  3.0

Action                     |  1- 3 |  4- 6 |  7- 9 | 10-12 | 13-15 | 16-18 | 19-21 | 22-24 | 25-27 || total
---------------------------+-------+-------+-------+-------+-------+-------+-------+-------+-------++-------
  Melee: Dagger            |    21 |       |       |       |       |       |       |       |       ||    21
         Spear             |   109 |   101 |   299 |   447 |   358 |       |       |       |       ||  1314
         Bite              |    17 |     7 |    27 |    73 |   137 |    89 |   155 |   200 |   207 ||   912
         Punch             |       |       |     4 |       |       |       |     2 |       |       ||     6
         Demon trident     |       |       |       |       |   493 |   520 |   757 |   685 |   884 ||  3339
         Staff             |       |       |       |       |     8 |       |       |   129 |    61 ||   198
   Cast: Necrotise         |    18 |     8 |    11 |     8 |       |       |       |       |       ||    45
         Vampiric Draining |       |     4 |    30 |    89 |   131 |    58 |    13 |     9 |       ||   334
         Anguish           |       |     3 |    14 |    66 |    72 |    17 |     2 |     2 |     2 ||   178
         Cigotuvi's Dreadf |       |       |     1 |     4 |     2 |       |       |       |       ||     7
         Dispel Undead     |       |       |       |    55 |    30 |       |    43 |   124 |    42 ||   294
         Animate Dead      |       |       |       |     2 |       |       |       |       |       ||     2
         Death Channel     |       |       |       |    13 |    48 |    30 |     7 |     9 |    11 ||   118
         Agony             |       |       |       |     4 |    29 |     9 |    12 |    21 |     5 ||    80
         Borgnjor's Vile C |       |       |       |     3 |   212 |   186 |   201 |   183 |   166 ||   951
         Kiss of Death     |       |       |       |     1 |       |       |       |       |       ||     1
         Infestation       |       |       |       |       |       |    86 |    96 |   104 |    56 ||   342
         Lee's Rapid Decon |       |       |       |       |       |       |       |    43 |    45 ||    88
         Bombard           |       |       |       |       |       |       |       |       |   114 ||   114
         Haunt             |       |       |       |       |       |       |       |       |     2 ||     2
         Orb of Destructio |       |       |       |       |       |       |       |       |    10 ||    10
 Invoke: Unearth Wretches  |       |       |       |     1 |     2 |     3 |       |     1 |     4 ||    11
         Receive Forbidden |       |       |       |       |     1 |       |       |       |       ||     1
Ability: Exsanguinate      |       |       |       |       |       |       |     2 |     1 |       ||     3
         Revivify          |       |       |       |       |       |       |     1 |     2 |       ||     3
  Evoke: Wand              |       |       |       |     4 |     5 |    10 |     7 |     7 |    22 ||    55
         Lightning rod     |       |       |       |       |     1 |     6 |     9 |       |       ||    16
         Phial of floods   |       |       |       |       |       |     1 |       |       |       ||     1
         Phantom mirror    |       |       |       |       |       |       |       |       |     2 ||     2
         Sack of spiders   |       |       |       |       |       |       |       |       |     1 ||     1
         Condenser vane    |       |       |       |       |       |       |       |       |     1 ||     1
    Use: Scroll            |     4 |     3 |     3 |     7 |    15 |    13 |    12 |     7 |    15 ||    79
         Potion            |       |       |       |    15 |     2 |     1 |     8 |     5 |    28 ||    59
   Stab: Sleeping          |     8 |     1 |     2 |     1 |     3 |     3 |     2 |     1 |       ||    21
         Distracted        |       |       |     1 |     1 |     9 |     5 |     8 |     5 |     8 ||    37
         Paralysed         |       |       |       |     2 |     2 |     1 |       |       |     1 ||     6
         Petrified         |       |       |       |       |     5 |       |       |       |       ||     5
 Armour: Robe              |    57 |       |       |       |       |       |       |       |       ||    57
         Ring mail         |     3 |    72 |   279 |   619 |   560 |       |       |       |       ||  1533
         Steam dragon scal |       |       |       |       |   138 |       |       |       |       ||   138
         Leather armour    |       |       |       |       |   522 |   664 |   654 |   676 |  1111 ||  3627
  Dodge: Dodged            |    76 |    55 |   186 |   392 |   930 |   423 |   430 |   527 |   454 ||  3473
  Block: Buckler           |       |       |       |       |   341 |   279 |   280 |   277 |       ||  1177
         Reflection        |       |       |       |       |       |       |     4 |    11 |    23 ||    38
         Other             |       |       |       |       |       |       |     1 |       |       ||     1
         Kite shield       |       |       |       |       |       |       |       |   205 |   791 ||   996

Table legend: (Time is in decaauts)
 A = Elapsed time spent in this place.
 B = Non-inter-level travel time spent in this place.
 C = Inter-level travel time spent in this place.
 D = Time resting spent in this place.
 E = Time spent auto-exploring this place.
 F = Levels seen in this place.
 G = Mean time per level.
                   A        B        C        D        E       F      G
               +--------+--------+--------+--------+--------+-----+--------+
         Total |  88286 |  75740 |  12546 |   5585 |  45806 |  55 | 1605.2 |
       Dungeon |  24790 |  20035 |   4755 |   1347 |  13654 |  15 | 1652.7 |
          Lair |  10429 |   9226 |   1203 |    510 |   6366 |   5 | 2085.8 |
        Shoals |   4153 |   3470 |    683 |      9 |   2279 |   4 | 1038.2 |
     Snake Pit |   7406 |   6950 |    456 |    706 |   4035 |   4 | 1851.5 |
  Orcish Mines |   2656 |   2364 |    292 |     77 |   1476 |   2 | 1328.0 |
   Elven Halls |   5428 |   5175 |    253 |    669 |   2787 |   3 | 1809.3 |
        Vaults |   8651 |   6879 |   1772 |    313 |   3578 |   5 | 1730.2 |
         Crypt |   4290 |   3862 |    428 |    333 |   2346 |   3 | 1430.0 |
          Tomb |    860 |    781 |     79 |      0 |    399 |   1 |  860.0 |
        Depths |   9960 |   8504 |   1456 |   1128 |   4624 |   4 | 2490.0 |
           Zot |   7898 |   6736 |   1162 |    431 |   3472 |   5 | 1579.6 |
      Ziggurat |      3 |      3 |      0 |      0 |      0 |   1 |    3.0 |
         Sewer |    268 |    268 |      0 |      0 |    128 |   1 |  268.0 |
    Desolation |    814 |    814 |      0 |      0 |    385 |   1 |  814.0 |
      Gauntlet |    674 |    674 |      0 |     61 |    275 |   1 |  674.0 |
               +--------+--------+--------+--------+--------+-----+--------+

Top non-repeatable levels by time:
Depths:2: 3912 daAuts
    D:12: 3261 daAuts
     D:9: 3198 daAuts
   Zot:5: 3152 daAuts
  Lair:1: 2979 daAuts
   Elf:2: 2684 daAuts
Depths:4: 2427 daAuts
Vaults:2: 2409 daAuts
    D:15: 2331 daAuts
 Snake:4: 2309 daAuts
  Lair:2: 2248 daAuts
Vaults:1: 2106 daAuts
 Snake:1: 2095 daAuts
  Lair:3: 2017 daAuts
   Orc:2: 1992 daAuts
